 Dungeon Crawl Stone Soup version 0.17.0-24-gcfadda4 (webtiles) character file.

130 septik the Covered (level 5, 0/33 HPs)
             Began as a Gargoyle Fighter on Nov 16, 2015.
             Slain by an ogre
             ... wielding a +0 giant club
              (8 damage)
             ... on level 4 of the Dungeon.
             The game lasted 00:05:49 (2270 turns).

septik the Covered (Gargoyle Fighter)               Turns: 2270, Time: 00:05:49

Health: 0/33       AC: 14    Str: 19    XL:     5   Next: 13%
Magic:  5/5        EV:  5    Int:  9    God:
Gold:   156        SH:  9    Dex: 10    Spells: 0 memorised, 4 levels left

rFire  . . .     SeeInvis .     a - +0 flail
rCold  . . .     Clarity  .     h - +0 chain mail (curse)
rNeg   + . .     SustAt   .     c - +0 shield
rPois  ∞         Gourm    .     r - +0 helmet
rElec  +         Spirit   .     (no cloak)
rCorr  .         Warding  .     (no gloves)
rMut   .         Stasis   +     (no boots)
MR     .....                    m - amulet of stasis
Stlth  ..........               (no ring)
                                (no ring)

@: not resistant to hostile enchantments, extremely unstealthy
A: negative energy resistance 1, electricity resistance, unbreathing,
petrification resistance, rot immunity, AC +4
a: no special abilities


You were on level 4 of the Dungeon.
You were hungry.

You visited 1 branch of the dungeon, and saw 4 of its levels.

You collected 156 gold pieces.

Inventory:

Hand Weapons
 a - a +0 flail (weapon)
Armour
 b - a +0 scale mail
 c - a +0 shield (worn)
 h - a cursed +0 chain mail (worn)
 q - a +2 pair of gloves
 r - a +0 helmet (worn)
Jewellery
 m - an amulet of stasis (around neck)
Wands
 f - a wand of frost (28)
Scrolls
 g - a scroll of blinking {unknown}
 k - 4 scrolls of identify {unknown}
 l - a scroll of fear {unknown}
 o - a scroll of remove curse {unknown}
 p - 2 scrolls of fog {unknown}
Potions
 d - a potion of might
 i - 2 potions of haste {unknown}
 n - a potion of agility {unknown}
Comestibles
 e - 2 bread rations
 j - a meat ration
 s - a fruit


   Skills:
 + Level 3.8 Fighting
 * Level 3.5 Maces & Flails
 + Level 4.1 Armour
 + Level 4.1 Shields


You had 4 spell levels left.
You didn't know any spells.

Dungeon Overview and Level Annotations

Branches:
Dungeon (4/15)
 Temple: D:4-7

Altars:

Annotations:
D:3 Sigmund


Innate Abilities, Weirdness & Mutations

You are resistant to torment.
Your stone body is resilient (AC +4).
You are immune to poison.
You resist negative energy.
You are resistant to electric shocks.
You can survive without breathing.
You are immune to petrification.
You are immune to rotting.


Message History

You are too injured to fight recklessly!
You are too injured to fight recklessly!
You are too injured to fight recklessly!
You are too injured to fight recklessly!
You are too injured to fight recklessly!
You are too injured to fight recklessly!
You barely miss the orc.
The giant cockroach bites you but does no damage.
The orc hits you but does no damage.
The orc wizard casts a spell.
The orc wizard seems to speed up.
You block the orc's attack. You block the adder's attack.
The orc hits you but does no damage.
You thump the orc!
You kill the orc!
You block the adder's attack. The orc barely misses you.
The orc priest looks braver for a moment.
The adder bites you but does no damage. The orc hits you but does no damage.
You block the orc's attack. The ogre hits you with a giant club!
You die...

..a........ #...
....o..... #...
.....o... #...
#...[.#### #..#
##o..##.########..#
#..o...............
#.ooo..............
#oOSZ..............
#o@Ws..............
#..o...............
##..###...#########
#### #...# ...
...... ...#
#......# ....
#.....!# ....
###+###########
####.....#


You could see a phantom, an ogre, an orc priest, an orc wizard, an adder, 8
orcs, a giant cockroach and a giant frog skeleton.

Vanquished Creatures
  3 gnolls
  Robin (D:2)
  2 adders (D:2)
  An ooze (D:2)
  A giant gecko (D:1)
  4 orcs
  A giant cockroach (D:2)
  9 hobgoblins
  6 jackals
  4 kobolds
  5 bats (D:1)
  6 giant newts
  15 goblins
  9 rats
67 creatures vanquished.

Notes
Turn   | Place    | Note
--------------------------------------------------------------
     0 | D:1      | septik the Gargoyle Fighter began the quest for the Orb.
     0 | D:1      | Reached XP level 1. HP: 14/14 MP: 1/1
   347 | D:1      | Reached XP level 2. HP: 19/19 MP: 2/2
   558 | D:1      | Reached XP level 3. HP: 20/23 MP: 3/3
  1084 | D:2      | Found a faded altar to an unknown god.
  1101 | D:2      | Reached XP level 4. HP: 28/28 MP: 4/4
  1371 | D:3      | Noticed Robin
  1659 | D:2      | Killed Robin
  1886 | D:2      | Reached skill level 4 in Shields
  1919 | D:3      | Reached XP level 5. HP: 20/33 MP: 5/5
  2065 | D:3      | Noticed Sigmund
  2105 | D:4      | Noticed a phantom
  2258 | D:4      | Noticed an ogre
  2270 | D:4      | Slain by an ogre

Action                   |  1- 3 |  4- 6 || total
-------------------------+-------+-------++-------
Melee: Flail             |   133 |   144 ||   277
  Eat: Chunk             |     1 |     3 ||     4
